 Dungeon Crawl Stone Soup version 0.27-a0-1154-gfdeffcb720 (webtiles) character file.

Game seed: 7830357064227089753

108974 robertstho the Warrior (level 16, -13/232 HPs)
             Began as a White Draconian Berserker on May 14, 2021.
             Was a High Priest of Trog.
             Mangled by an alligator (18 damage)
             ... called by a spriggan druid
             ... on level 1 of the Swamp.
             The game lasted 00:43:26 (28043 turns).

robertstho the Warrior (White Draconian Berserker) Turns: 28043, Time: 00:43:27

Health: -13/232    AC: 14    Str: 24    XL:     16   Next: 3%
Magic:  5/5        EV: 18    Int:  8    God:    Trog [*****.]
Gold:   1960       SH: 13    Dex: 13    Spells: 15/15 levels left

rFire    . . .     SeeInvis .   G - +7 spear "Jitzetsu" {antimagic, rElec rN+ Will++}
rCold    + . .     Faith    .   B - +0 kite shield
rNeg     + + .     Spirit   .   (armour unavailable)
rPois    +         Reflect  .   (helmet restricted)
rElec    +         Harm     .   e - +2 cloak
rCorr    .         Rampage  .   C - +0 pair of gloves
Will     +++..                  A - +0 pair of boots
Stlth    ..........             T - amulet of Vatum {rN+ Regen+}
HPRegen  1.48/turn              q - +4 ring of slaying
MPRegen  0.09/turn              Q - ring of poison resistance

@: berserking, studying Fighting, very quick
A: breathe frost, AC +9, unfitting armour, cold resistance 1, cold-blooded
a: Breathe Frost, Renounce Religion, Berserk, Trog's Hand, Brothers in Arms


You were on level 1 of the Swamp.
You worshipped Trog.
Trog was extremely pleased with you.
You visited 5 branches of the dungeon, and saw 25 of its levels.
You also visited: Gauntlet.

You collected 2685 gold pieces.
You spent 725 gold pieces at shops.

Inventory:

Hand Weapons
 G - the +7 spear "Jitzetsu" (weapon) {antimagic, rElec rN+ Will++}
   (You found it on level 7 of the Dungeon)

   It reduces the magical energy of the wielder, and disrupts the spells and
   magical abilities of those hit.
   Natural abilities and divine invocations are not affected.
   It insulates you from electricity.
   It protects you from negative energy.
   It greatly increases your willpower.
 W - a +2 bardiche
Missiles
 Y - 2 throwing nets
Armour
 e - a +2 cloak (worn)
 A - a +0 pair of boots (worn)
 B - a +0 kite shield (worn)
 C - a +0 pair of gloves (worn)
 F - the +0 cloak of Tenacity {rElec rF- rN+ Dex+5}
   (You found it in a Gauntlet)

   It affects your dexterity (+5).
   It makes you vulnerable to fire.
   It insulates you from electricity.
   It protects you from negative energy.
Jewellery
 a - a +6 ring of dexterity
 j - a ring of see invisible
 n - a ring of resist corrosion
 q - a +4 ring of slaying (left hand)
 u - an amulet of regeneration
 w - an amulet of guardian spirit
 y - a ring of flight
 H - a ring of ice
 M - a ring of protection from cold
 N - a ring of protection from cold
 Q - a ring of poison resistance (right hand)
 R - an amulet of the acrobat
 T - the amulet of Vatum (around neck) {rN+ Regen+}
   (You found it on level 2 of the Lair of Beasts)

   [amulet of regeneration]

   It protects you from negative energy.
   It increases your rate of health regeneration.
 X - a ring of ice
Wands
 o - a wand of iceblast (48)
 I - a wand of digging (15)
 O - a wand of acid (45)
 V - a wand of mindburst (12)
 Z - a wand of paralysis (16)
Scrolls
 d - 2 scrolls of fog
 g - 17 scrolls of teleportation
 i - 3 scrolls of torment
 k - 3 scrolls of blinking
 l - 5 scrolls of enchant armour
 p - 3 scrolls of fear
 s - 10 scrolls of immolation
 t - a scroll of summoning
 D - a scroll of enchant weapon
 L - a scroll of silence
 P - 6 scrolls of magic mapping
Potions
 b - 5 potions of heal wounds
 c - a potion of cancellation
 f - 6 potions of haste
 h - 5 potions of lignification {unknown}
 m - 2 potions of berserk rage {unknown}
 r - 6 potions of curing {unknown}
 v - 2 potions of invisibility {unknown}
 x - a potion of attraction {unknown}
 z - 8 potions of ambrosia
 E - 8 potions of flight {unknown}
 U - 3 potions of mutation


   Skills:
 * Level 17.0 Fighting
 + Level 13.4 Polearms
 * Level 14.9 Dodging
 + Level 7.9 Stealth
 + Level 11.7 Shields


You had 15 spell levels left.
You didn't know any spells.
Your spell library was empty.

Dungeon Overview and Level Annotations

Branches:
Dungeon (15/15)            Temple (1/1) D:5            Lair (6/6) D:11
  Swamp (1/4) Lair:4        Snake (0/4) Lair:4        Slime (0/5) Lair:5
    Orc (2/2) D:9             Elf (0/3) Orc:2        Vaults (0/5) D:14
 Depths (0/5) D:15        Gauntlet (visited)

Altars:
Gozag
Kikubaaqudgha
Makhleb
Ru
Sif Muna
Wu Jian
Xom
Yredelemnul
The Shining One
Jiyva

Shops:
D:4 [   D:9 (   D:10 ((   Orc:2 ??::

Portals:
Trove: D:13 (give horn of Geryon)

Annotations:
D:13 24 runed doors


Innate Abilities, Weirdness & Mutations

You can breathe waves of freezing cold which knock back foes.
Your icy white scales are hard. (AC +9)
You cannot fit into any form of body armour.
Your flesh is cold resistant. (rC+)
You are cold-blooded and may be slowed by cold attacks.


Message History

The tyrant leech is almost dead.
Your cyclops hits the swamp worm!
Unknown command.
You closely miss the tyrant leech.
The tyrant leech is almost dead.
The swamp worm bites you.
* * * LOW HITPOINT WARNING * * *
The swamp worm bites your cyclops! The alligator bites you.
* * * LOW HITPOINT WARNING * * *
The alligator closely misses you.
You closely miss the tyrant leech.
Your tail-slap misses the tyrant leech.
The tyrant leech is almost dead.
The tyrant leech bites you.
* * * LOW HITPOINT WARNING * * *
Unknown command.
You puncture the tyrant leech!
You kill the tyrant leech!
Trog accepts your kill. The swamp worm misses you.
Your cyclops barely misses the swamp worm.
The swamp worm fires a harpoon shot at you.
The harpoon shot hits your cyclops! The alligator completely misses you.
The alligator closely misses you.
A swamp drake comes into view.
You puncture the swamp worm!
The swamp worm is heavily wounded.
You hit the swamp worm.
The swamp worm is severely wounded.
You block the swamp worm's attack. The swamp worm bites your cyclops!
You block the alligator's attack.
The alligator tail-slaps you but does no damage.
Your cyclops hits the swamp worm!! You barely miss the swamp worm.
Your tail-slap misses the swamp worm.
The swamp worm is severely wounded.
You barely miss the swamp worm.
The swamp worm is severely wounded.
The swamp worm bites you!
* * * LOW HITPOINT WARNING * * *
You block the alligator's attack. The alligator tail-slaps you!!
You die...

.....≈... ..≈......
♣♣♣♣.k♣.....
♣♣.....$..... ♣.≈≈
♣.≈≈≈.≈≈≈≈.≈♣ ♣..≈
♣.≈≈≈†≈.≈≈.♣ ≈.≈≈≈
♣.w...(...♣ ..≈≈≈
♣[C≈≈≈.♣♣♣♣ ♣.≈≈≈.
♣♣.@t†≈≈♣
♣.≈≈..♣♣≈w.†..♣♣♣♣
.≈....≈♣...♣≈<>≈.♣
≈≈...≈.≈.≈≈.♣..≈≈≈.§♣
.≈...≈.).≈≈.♣≈...≈≈≈♣
.>...♣≈.......♣♣.....
♣♣.≈ ♣≈.....♣♣♣ ≈≈.≈.
♣♣ ♣♣..≈≈♣♣ ♣♣♣♣
♣♣♣♣♣♣


You could see an alligator (strong, swift), 2 swamp worms, a swamp drake and a
friendly cyclops (summoned, berserk).

Vanquished Creatures
  An orc warlord (Orc:1)
  A frost giant (D:15)
  The ghost of RealJoeEstevez the Thaumaturge, a journeyman DjIE of Makhleb (Orc:2)
  A minotaur (Gauntlet)
  A fire dragon (Lair:6)
  A yaktaur captain (D:12)
  2 boulder beetles
  An ogre mage (D:15)
  7 hydras
  Harold (Orc:1)
  3 vault guards (D:14)
  A hell beast (Gauntlet)
  Erolcha (Orc:2)
  6 two-headed ogres
  6 centaur warriors
  An alligator (Swamp:1)
  4 death yaks (Lair:6)
  A deep troll earth mage (D:12)
  Urug (Lair:1)
  2 tengu warriors (D:15)
  Nergalle (Lair:4)
  A spriggan druid (Swamp:1)
  A large abomination (Gauntlet)
  2 bog bodies (Lair:4)
  3 orc knights
  5 cyclopes
  A deep elf pyromancer (D:14)
  An oklob plant (Lair:1)
  19 ugly things
  A manticore (D:15)
  3 elephants (Lair:2)
  9 centaur zombies (D:10)
  3 black mambas
  2 gargoyles
  A torpor snail (Lair:6)
  10 cane toads
  An unseen horror (D:11)
  2 kobold demonologists (D:11)
  8 rime drakes
  An efreet (D:13)
  8 komodo dragons
  A yaktaur (shapeshifter) (D:12)
  3 meliai (D:13)
  A queen bee (Orc:1)
  A tyrant leech (Swamp:1)
  5 trolls
  6 polar bears
  8 slime creatures
  7 hornets
  28 blink frogs
  12 dream sheep
  A meliai zombie (D:10)
  Sigmund (D:2)
  16 spriggans
  2 shadows
  A tarantella (shapeshifter) (D:13)
  54 yaks
  7 basilisks
  2 wraiths
  A vampire (D:12)
  6 wyverns
  11 steam dragons
  6 vampire mosquitoes
  3 wargs (Orc:2)
  2 swamp worms (Swamp:1)
  4 acid dragons
  2 small abominations (Gauntlet)
  10 water moccasins
  A hell hound (Gauntlet)
  A swamp drake (Swamp:1)
  A hornet zombie (D:7)
  27 orc warriors
  12 ice beasts
  6 black bears
  9 ogres
  3 boggarts (Lair:6)
  37 wolves
  10 centaurs
  A phantom (D:4)
  10 bullfrogs
  Dowan (D:5)
  23 killer bees
  2 water moccasin skeletons
  An electric eel (Lair:2)
  8 howler monkeys
  A bullfrog zombie (D:5)
  2 hounds
  11 orc priests
  A bullfrog skeleton (D:4)
  12 jellies
  A centaur skeleton (D:6)
  Terence (D:3)
  An iguana (D:4)
  13 orc wizards
  A killer bee zombie (D:7)
  A hound skeleton (D:4)
  3 howler monkey zombies (D:10)
  7 adders
  A howler monkey skeleton (D:6)
  3 shadow imps
  A white imp (D:6)
  An adder skeleton (D:4)
  3 worms
  4 dart slugs
  62 orcs
  10 ball pythons
  5 bats
  22 endoplasms
  4 giant cockroaches
  8 goblins
  6 hobgoblins
  7 jackals (D:1)
  4 quokkas
  2 frilled lizards
  18 kobolds
  2 rats (D:2)
698 creatures vanquished.

Vanquished Creatures (collateral kills)
  Nessos (D:12)
  Josephine (Orc:2)
  A vault guard (D:14)
  A boulder beetle (D:14)
  A centaur warrior (D:14)
  A two-headed ogre (Orc:1)
  3 death yaks (Lair:6)
  A skeletal warrior (D:14)
  2 orc knights (Orc:2)
  4 ugly things (D:14)
  An orc sorcerer (Orc:1)
  A cyclops (D:14)
  A manticore (D:14)
  A komodo dragon (Lair:2)
  3 rime drakes (Lair:6)
  9 yaks
  2 wraiths (Orc:2)
  A basilisk (D:14)
  A vampire mosquito (D:14)
  A water moccasin (Lair:2)
  13 orc warriors
  2 orc wizards (Orc:1)
  9 orcs
61 creatures vanquished.

Vanquished Creatures (others)
  A rime drake (Lair:6)
  A wraith (Orc:2)
  2 orcs (Orc:2)
  14 demonic plants (Gauntlet)
  24 fungi
  24 plants
66 creatures vanquished.

Grand Total: 825 creatures vanquished

Notes
Turn   | Place    | Note
-------+----------+-------------------------------------------
     0 | D:1      | robertstho the Draconian Berserker began the quest for the
                  | Orb.
     0 | D:1      | Reached XP level 1. HP: 19/19 MP: 1/1
   162 | D:1      | Reached XP level 2. HP: 26/26 MP: 2/2
   536 | D:1      | Reached XP level 3. HP: 29/33 MP: 3/3
   655 | D:1      | Reached ** piety under Trog
   903 | D:1      | Found a viscous altar of Jiyva.
  1322 | D:1      | Found a faded altar of an unknown god.
  1756 | D:2      | Noticed Sigmund
  1767 | D:2      | Killed Sigmund
  1768 | D:2      | Reached skill level 4 in Fighting
  1768 | D:2      | Reached skill level 1 in Stealth
  1768 | D:2      | Reached XP level 4. HP: 40/40 MP: 4/4
  1768 | D:2      | Reached XP level 5. HP: 46/46 MP: 5/5
  2001 | D:2      | Reached *** piety under Trog
  2454 | D:3      | Noticed Terence
  2461 | D:3      | Killed Terence
  2462 | D:3      | Reached XP level 6. HP: 53/53 MP: 6/6
  2883 | D:3      | You fall into a shaft and drop 3 floors!
  2900 | D:6      | Reached skill level 5 in Polearms
  3032 | D:5      | Entered Level 5 of the Dungeon
  3043 | D:5      | Your scales start taking on an icy white colour.
  3043 | D:5      | Reached XP level 7. HP: 60/60 MP: 7/7
  3043 | D:5      | Gained mutation: Your flesh is cold resistant. (rC+) [White
                  | Draconian growth]
  3080 | D:5      | Reached skill level 5 in Fighting
  3485 | D:5      | Found a staircase to the Ecumenical Temple.
  3502 | D:5      | Noticed a wyvern
  3515 | D:5      | HP: 4/91 [wyvern (13)]
  3516 | D:5      | Killed a wyvern
  3538 | Temple   | Entered the Ecumenical Temple
  4006 | D:5      | Reached skill level 5 in Dodging
  4016 | D:5      | Noticed Dowan
  4041 | D:5      | Killed Dowan
  4264 | D:4      | Reached **** piety under Trog
  4363 | D:4      | Reached XP level 8. HP: 70/70 MP: 8/8
  4368 | D:4      | Found a burning altar of Makhleb.
  4557 | D:4      | Reached skill level 6 in Fighting
  4911 | D:4      | Found Vemiohya's Armour Shop.
  4916 | D:4      | Bought a +0 pair of boots for 58 gold pieces
  4916 | D:4      | Bought a +0 kite shield for 58 gold pieces
  5631 | D:6      | Found a shimmering altar of Xom.
  5633 | D:6      | Found an ornate altar of the Wu Jian Council.
  5634 | D:6      | Found an ancient bone altar of Kikubaaqudgha.
  5668 | D:6      | Found a glowing golden altar of the Shining One.
  5671 | D:6      | Found a sacrificial altar of Ru.
  5743 | D:6      | Found an opulent altar of Gozag.
  6296 | D:7      | Reached skill level 1 in Shields
  6661 | D:7      | Identified the +7 spear "Jitzetsu" {antimagic, rElec rN+
                  | Will++}
  6789 | D:7      | Reached skill level 7 in Fighting
  6794 | D:7      | Reached XP level 9. HP: 55/79 MP: 0/9
  7114 | D:8      | Noticed a two-headed ogre
  7125 | D:8      | Killed a two-headed ogre
  7690 | D:8      | You fall into a shaft and drop 1 floor!
  8283 | D:9      | Found a staircase to the Orcish Mines.
  8286 | D:9      | Found Umul's Weapon Shop.
  8299 | D:9      | Reached ***** piety under Trog
  8307 | D:9      | Reached skill level 8 in Fighting
  8876 | D:9      | Found a shimmering blue altar of Sif Muna.
  9145 | D:10     | Entered Level 10 of the Dungeon
  9201 | D:10     | Reached XP level 10. HP: 83/88 MP: 2/10
  9226 | D:10     | Found Uzag's Weapon Emporium.
  9273 | D:10     | Found Ipofuam's Hydra Hut.
  9277 | D:10     | Noticed a six-headed hydra
 10187 | D:10     | Found a basalt altar of Yredelemnul.
 10209 | D:10     | Reached skill level 5 in Shields
 10494 | D:11     | Reached skill level 9 in Fighting
 10632 | D:11     | Noticed a red ugly thing
 10646 | D:11     | Killed a red ugly thing
 10859 | D:11     | Noticed a gargoyle
 10867 | D:11     | Killed a gargoyle
 10917 | D:11     | Noticed a two-headed ogre
 10930 | D:11     | Killed a two-headed ogre
 10931 | D:11     | Reached XP level 11. HP: 90/97 MP: 2/11
 11123 | D:11     | Reached skill level 10 in Polearms
 11282 | D:11     | Found a staircase to the Lair.
 12293 | D:12     | Reached skill level 10 in Dodging
 12626 | D:12     | Noticed Nessos
 12629 | D:12     | Noticed a centaur warrior
 12631 | D:12     | Found a runed translucent door.
 12639 | D:12     | Killed a centaur warrior
 12641 | D:12     | Killed Nessos
 12643 | D:12     | HP: 6/148 [poisoned by Nessos]
 12644 | D:12     | HP: 2/99 [poisoned by Nessos]
 12913 | D:12     | Noticed a yaktaur captain
 12919 | D:12     | Noticed a boulder beetle
 12922 | D:12     | Noticed a deep troll earth mage
 12958 | D:12     | Killed a boulder beetle
 12959 | D:12     | Reached skill level 5 in Stealth
 12959 | D:12     | Noticed a mana viper
 12959 | D:12     | a manticore changed into a mana viper
 13007 | D:12     | Noticed a death drake
 13176 | D:12     | Reached skill level 10 in Fighting
 13347 | D:12     | Killed a yaktaur captain
 13354 | D:12     | Killed a deep troll earth mage
 14350 | Lair:1   | Entered Level 1 of the Lair of Beasts
 14350 | Lair:1   | Noticed Urug
 14364 | Lair:1   | Killed Urug
 14365 | Lair:1   | Reached XP level 12. HP: 107/107 MP: 4/12
 14555 | Lair:1   | Received a gift from Trog
 15424 | Lair:1   | Reached skill level 11 in Fighting
 15784 | Lair:2   | Noticed a six-headed hydra
 15792 | Lair:2   | Killed a six-headed hydra
 16297 | Lair:2   | Identified the amulet of Vatum {rN+ Regen+}
 16879 | Lair:3   | Noticed a seven-headed hydra
 16888 | Lair:3   | Killed a seven-headed hydra
 16889 | Lair:3   | Reached XP level 13. HP: 117/117 MP: 4/13
 16999 | Lair:3   | Reached skill level 12 in Fighting
 17458 | Lair:3   | Received a gift from Trog
 18172 | Lair:4   | Found a staircase to the Swamp.
 18282 | Lair:4   | Found a staircase to the Snake Pit.
 18394 | Lair:4   | Found a shimmering blue altar of Sif Muna.
 18622 | Lair:4   | Noticed Nergalle
 18660 | Lair:4   | Killed Nergalle
 19025 | Lair:5   | Found a frozen archway.
 19104 | Lair:5   | Found a gate leading to a gauntlet.
 19113 | Gauntlet | Entered a Gauntlet
 19113 | Gauntlet | Found a transporter.
 19122 | Gauntlet | Found a transporter.
 19124 | Gauntlet | Found a transporter.
 19127 | Gauntlet | Found a transporter.
 19127 | Gauntlet | Found a transporter.
 19128 | Gauntlet | Found a transporter.
 19140 | Gauntlet | Found a transporter.
 19141 | Gauntlet | Found a transporter.
 19159 | Gauntlet | Found a transporter.
 19173 | Gauntlet | Found a transporter.
 19177 | Gauntlet | Found a transporter.
 19188 | Gauntlet | Found a transporter.
 19393 | Gauntlet | Reached skill level 13 in Fighting
 19399 | Gauntlet | Identified the +0 cloak of Tenacity {rElec rF- rN+ Dex+5}
 19478 | Gauntlet | Noticed a minotaur
 19496 | Gauntlet | Killed a minotaur
 20119 | Lair:5   | Found a viscous altar of Jiyva.
 20119 | Lair:5   | Found a staircase to the Slime Pits.
 20244 | Lair:6   | Entered Level 6 of the Lair of Beasts
 20257 | Lair:6   | Reached ****** piety under Trog
 20257 | Lair:6   | Received a gift from Trog
 20258 | Lair:6   | Reached XP level 14. HP: 110/129 MP: 4/14
 21127 | Lair:6   | Reached skill level 10 in Shields
 21301 | Lair:6   | Identified the +0 short sword of the Sugar Beet {freeze,
                  | +Rage rCorr}
 21545 | Lair:6   | Reached skill level 14 in Fighting
 21699 | Lair:6   | Received a gift from Trog
 21711 | Lair:6   | Identified a scroll of acquirement
 21712 | Lair:6   | Acquired a manual of Fighting
 22375 | Orc:1    | Entered Level 1 of the Orcish Mines
 22735 | Orc:2    | Entered Level 2 of the Orcish Mines
 23150 | Orc:2    | Noticed Josephine
 23158 | Orc:2    | Killed Josephine
 23246 | Orc:2    | Reached XP level 15. HP: 139/139 MP: 5/15
 23297 | Orc:2    | Found Abbum's Book Boutique.
 23297 | Orc:2    | Found Agoep's Magic Scroll Shoppe.
 23299 | Orc:2    | Found Issem's Magic Scroll Emporium.
 23301 | Orc:2    | Found Ilym's Book Shop.
 23306 | Orc:2    | Bought a scroll of teleportation for 33 gold pieces
 23306 | Orc:2    | Bought a scroll of identify for 22 gold pieces
 23306 | Orc:2    | Bought a scroll of teleportation for 33 gold pieces
 23306 | Orc:2    | Bought a scroll of teleportation for 33 gold pieces
 23306 | Orc:2    | Bought a scroll of teleportation for 33 gold pieces
 23308 | Orc:2    | Bought a scroll of identify for 28 gold pieces
 23308 | Orc:2    | Bought a scroll of identify for 28 gold pieces
 23308 | Orc:2    | Bought a scroll of immolation for 49 gold pieces
 23308 | Orc:2    | Bought a scroll of fear for 49 gold pieces
 23308 | Orc:2    | Bought a scroll of torment for 105 gold pieces
 23308 | Orc:2    | Bought a scroll of silence for 105 gold pieces
 23308 | Orc:2    | Bought a scroll of magic mapping for 49 gold pieces
 23308 | Orc:2    | Bought a scroll of teleportation for 42 gold pieces
 23346 | Orc:2    | Noticed Erolcha
 23368 | Orc:2    | Killed Erolcha
 23383 | Orc:2    | Received a gift from Trog
 23514 | Orc:2    | Found a staircase to the Elven Halls.
 23636 | Orc:2    | Found a runed translucent door.
 23638 | Orc:2    | Noticed RealJoeEstevez's ghost (journeyman DjIE)
 23855 | Orc:2    | Killed RealJoeEstevez's ghost
 23910 | Orc:1    | Noticed Harold
 23922 | Orc:1    | Killed Harold
 24130 | Orc:1    | Noticed an orc warlord
 24140 | Orc:1    | Killed an orc warlord
 24497 | D:13     | Found a huge runed gate.
 24497 | D:13     | Found a huge runed gate.
 24546 | D:13     | Found a huge runed gate.
 24554 | D:13     | Found a huge runed gate.
 24731 | D:13     | Found a portal to a secret trove of treasure.
 24826 | D:13     | You fall into a shaft and drop 2 floors!
 24826 | D:15     | Entered Level 15 of the Dungeon
 24863 | D:15     | Reached skill level 15 in Fighting
 24915 | D:15     | Found a staircase to the Depths.
 24915 | D:15     | Noticed a frost giant
 24928 | D:15     | Killed a frost giant
 26331 | D:14     | Reached skill level 16 in Fighting
 26719 | D:14     | Found a gate to the Vaults.
 27556 | D:13     | Found a huge runed gate.
 27556 | D:13     | Found a huge runed gate.
 27556 | D:13     | Found a huge runed gate.
 27556 | D:13     | Found a huge runed gate.
 27713 | D:13     | Found a huge runed gate.
 27713 | D:13     | Found a huge runed gate.
 27714 | D:13     | Found a huge runed gate.
 27714 | D:13     | Found a huge runed gate.
 27714 | D:13     | Found a huge runed gate.
 27714 | D:13     | Found a huge runed gate.
 27714 | D:13     | Found a huge runed gate.
 27721 | D:13     | Found a huge runed gate.
 27721 | D:13     | Found a huge runed gate.
 27721 | D:13     | Found a huge runed gate.
 27722 | D:13     | Found a huge runed gate.
 27745 | D:13     | Found a huge runed gate.
 27745 | D:13     | Found a huge runed gate.
 27746 | D:13     | Found a huge runed gate.
 27747 | D:13     | Found a huge runed gate.
 27748 | D:13     | Found a huge runed gate.
 27977 | Swamp:1  | Entered Level 1 of the Swamp
 27998 | Swamp:1  | Reached XP level 16. HP: 154/154 MP: 5/16
 28019 | Swamp:1  | Reached skill level 17 in Fighting
 28043 | Swamp:1  | HP: 5/232 [swamp worm[a spriggan druid] (10)]
 28043 | Swamp:1  | Mangled by an alligator

Illustrated notes

Levels and vault maps discovered:
D:1:      erik_arrival_cave_to_civilisation [erik_arrival_cave_to_temple],
          layout_basic, hellmonk_ecumenical_altar_inner_sanctum
D:2:      layout_basic, minmay_joined_circles, uniq_sigmund
D:3:      layout_loops_corners, uniq_terence
D:4:      layout_rooms, nicolae_overflow_crystal_walls, serial_shops,
          kennysheep_little_box, dk_noncrumbling_4, st_stairs_5
D:5:      layout_cave_pools, minmay_temple_entry_purple_smoke,
          grunt_ministairs_1, st_stairs_4, uniq_duvessa
D:6:      layout_gridville, grunt_gozag_statues, minmay_overflow_temple_star_hex
D:7:      layout_basic
D:8:      layout_cave_pools, nrook_loot_triangle, minmay_misc_feat_iff
D:9:      layout_basic, overflow_temple_1_default, orc_david_3
D:10:     layout_long_grid, nicolae_yredelemnul_corpse_copse, serial_shops,
          nicolae_shop_stone, doesnt_shop_hydraphobe
D:11:     layout_basic, lair_entry_dummy
D:12:     layout_stronghold, minmay_hidden_floor, uniq_nessos
D:13:     layout_cave_pods, nicolae_trove_entry_columns, not_door_vault_due
D:14:     layout_basic, lightli_vaults_fourway_checkpoint, hex_tiny
D:15:     grunt_enter_depths_snipers, layout_basic, minivault_23
Temple:   oiseaux_autumnal_temple
Lair:1:   lemuel_slime, layout_cave_shapes, uniq_urug
Lair:2:   layout_hall_layers, infiniplex_staircase_pool
Lair:3:   layout_loops_ring, grunt_megastairs_4, serial_bayou_shore_a
Lair:4:   layout_hall_layers, skrybe_swamp_entry_bodies, dummy_snake_entry,
          lemuel_centaur_altar, grunt_megastairs_1, uniq_nergalle
Lair:5:   layout_roguey, slime_altar_1, portal_ice_cave_entry_ice_beasts,
          gauntlet_entry_generic, lemuel_fruit_tree, grunt_megastairs_2
Lair:6:   minmay_lair_end_enchanted_forest, layout_layer_cave,
          bobbens_dragon_lair_wall
Swamp:1:  layout_basic_swamp, hangedman_swamp_pad
Orc:1:    layout_caves, special_room [special_room_bee], uniq_harold
Orc:2:    st_orc_rangers, layout_caves, ebering_ghost_inner_flame,
          uniq_josephine, uniq_erolcha

Skill      XL: |  1  2  3  4  5  6  7  8  9 10 11 12 13 14 15 16 |
---------------+-------------------------------------------------+-----
Dodging        | 3 4 5 6 7 9 10 11 12 13 14 | 14.9
Fighting       | 4 5 7 8 9 10 11 13 14 16 17 | 17.0
Polearms       | 4 5 6 7 9 10 11 12 13 | 13.4
Stealth        | 1 2 3 4 5 6 7 |  7.9
Shields        | 2 3 5 7 9 10 11 | 11.7

Action                   |  1- 3 |  4- 6 |  7- 9 | 10-12 | 13-15 | 16-18 || total
-------------------------+-------+-------+-------+-------+-------+-------++-------
Melee: Spear             |   148 |   104 |   470 |   671 |  1880 |    40 ||  3313
       Tailslap          |    16 |    16 |    71 |   145 |   376 |     7 ||   631
Invok: Berserk           |     1 |     3 |     9 |    17 |    22 |     1 ||    53
       Brothers in Arms  |       |       |       |     2 |     7 |     1 ||    10
       Trog's Hand       |       |       |       |       |     4 |       ||     4
 Abil: Breathe Frost     |       |       |     1 |     5 |     1 |       ||     7
  Use: Scroll            |     2 |       |     2 |     4 |    14 |       ||    22
       Potion            |       |       |       |     1 |     1 |       ||     2
 Stab: Sleeping          |     4 |     2 |     8 |     8 |    30 |       ||    52
       Distracted        |       |       |     1 |     3 |     6 |       ||    10
Armor: Skin              |    23 |    28 |   115 |   145 |   218 |     2 ||   531
Dodge: Dodged            |    68 |    38 |   182 |   275 |   696 |    10 ||  1269
Block: Kite shield       |       |       |    94 |   336 |   746 |    15 ||  1191
       Buckler           |       |       |     4 |       |       |       ||     4

Table legend: (Time is in decaauts)
 A = Elapsed time spent in this place.
 B = Non-inter-level travel time spent in this place.
 C = Inter-level travel time spent in this place.
 D = Time resting spent in this place.
 E = Time spent auto-exploring this place.
 F = Levels seen in this place.
 G = Mean time per level.
                   A        B        C        D        E       F      G
               +--------+--------+--------+--------+--------+-----+--------+
         Total |  27527 |  25945 |   1582 |   2955 |  18356 |  26 | 1058.7 |
       Dungeon |  17758 |  16691 |   1067 |   1948 |  12351 |  15 | 1183.9 |
        Temple |    266 |    265 |      1 |    264 |      0 |   1 |  266.0 |
          Lair |   7118 |   6760 |    358 |    563 |   4579 |   6 | 1186.3 |
         Swamp |     43 |     43 |      0 |      0 |      4 |   1 |   43.0 |
  Orcish Mines |   1885 |   1730 |    155 |     80 |   1183 |   2 |  942.5 |
      Gauntlet |    455 |    455 |      0 |     98 |    238 |   1 |  455.0 |
               +--------+--------+--------+--------+--------+-----+--------+

Top non-repeatable levels by time:
    D:12: 2267 daAuts
    D:11: 1783 daAuts
  Lair:6: 1766 daAuts
  Lair:1: 1475 daAuts
     D:9: 1449 daAuts
    D:10: 1424 daAuts
    D:15: 1398 daAuts
     D:1: 1368 daAuts
     D:2: 1182 daAuts
   Orc:2: 1152 daAuts
    D:14: 1056 daAuts
  Lair:2: 1050 daAuts
  Lair:3: 1022 daAuts
     D:3: 970 daAuts
  Lair:4: 938 daAuts
